NYP
IDAHO FALLS CHUKARS @ MINNESOTA (NYP) TWINS
05/10/2044
 
TOP OF THE 1ST
Idaho Falls Chukars batting - Pitching for Minnesota (NYP) Twins : LHP Josh Armstrong
Pitching: LHP Josh Armstrong
Batting: RHB Eric Erickson 0-0: Swinging Strike
0-1: Ball
1-1: Swinging Strike
1-2: Ball
2-2: Ground out 6-3 (Groundball, 56, EV 108.1 MPH)
Batting: RHB Kevin Allen 0-0: Ground out 6-3 (Groundball, 6, EV 88.1 MPH)
Batting: RHB Edite Leoni 0-0: Called Strike
0-1: SINGLE (Line Drive, 89S, EV 91.3 MPH)
Batting: LHB John Wagner 0-0: Fly out, F9 (Line Drive, 9LM, EV 96.3 MPH)
Top of the 1st over - 0 runs, 1 hit, 0 errors, 1 left on base; Idaho Falls 0 - Minnesota (NYP) 0
BOTTOM OF THE 1ST
Minnesota (NYP) Twins batting - Pitching for Idaho Falls Chukars : RHP Rich Frontczak
Pitching: RHP Rich Frontczak
Batting: LHB Chris Munguia 0-0: Fly out, F9 (Flyball, 9LS, EV 88.1 MPH)
Batting: RHB David Nardone 0-0: Ball
1-0: Ball
2-0: Foul Ball, location: 2F
2-1: Ball
3-1: Foul Ball, location: 2F
3-2: Base on Balls
Batting: RHB Miguel Diaz 0-0: Ball
1-0: Ball
2-0: Ball
3-0: Base on Balls
David Nardone to second
Batting: RHB Michael McDonald 0-0: Called Strike
0-1: DOUBLE (Line Drive, 7LS, EV 92.5 MPH)
David Nardone scores
Miguel Diaz to third
Batting: RHB Sean Gould 0-0: Ball
1-0: Called Strike
1-1: Ball
2-1: TRIPLE (Line Drive, 8LXD, EV 108.1 MPH)
Miguel Diaz scores
Michael McDonald scores
Batting: RHB Graham Calvert 0-0: Ball
1-0: Ball
2-0: Ball
3-0: Called Strike
3-1: Base on Balls
Pitching: RHP Tony Jimenez
Batting: RHB Tony Crespo 0-0: Ball
1-0: Ball
2-0: Swinging Strike
2-1: Ball
3-1: Called Strike
3-2: Foul Ball, location: 2F
3-2: Foul Ball, location: 2F
3-2: Foul Ball, location: 2F
3-2: Base on Balls
Graham Calvert to second
Batting: LHB Seung-jun Chang 0-0: Ball
1-0: SINGLE (Line Drive, 6D, EV 110.0 MPH)
Sean Gould scores
Graham Calvert to third
Tony Crespo to second
Batting: SHB Donell Burney 0-0: Called Strike
0-1: SINGLE (Groundball, 34D, EV 98.1 MPH)
Graham Calvert scores
Tony Crespo to third
Seung-jun Chang to second
Batting: LHB Chris Munguia 0-0: Ball
1-0: Ball
2-0: Called Strike
2-1: Ball
3-1: SINGLE (Groundball, 4S, EV 67.5 MPH) (infield hit)
Tony Crespo scores
Seung-jun Chang to third
Donell Burney to second
Pitching: RHP Travis Stump
Batting: RHB David Nardone 0-0: Called Strike
0-1: Ball
1-1: Swinging Strike
Passed Ball!
Seung-jun Chang scores
Donell Burney to third
Chris Munguia to second
1-2: TRIPLE (Flyball, 8RXD, EV 100.6 MPH)
Donell Burney scores
Chris Munguia scores
Batting: RHB Miguel Diaz 0-0: Ball
1-0: Swinging Strike
1-1: Ball
2-1: Ball
3-1: Base on Balls
Batting: RHB Michael McDonald 0-0: Called Strike
0-1: Ground out 5-3 (Groundball, 5S, EV 76.3 MPH)
David Nardone scores
Miguel Diaz to second
Batting: RHB Sean Gould 0-0: Ball
1-0: Ball
2-0: Called Strike
2-1: Ball
3-1: Base on Balls
Batting: RHB Graham Calvert 0-0: Called Strike
0-1: Foul Ball, location: 2F
0-2: Ball
1-2: SINGLE (Groundball, 34S, EV 93.8 MPH) (infield hit)
Miguel Diaz to third
Sean Gould to second
Pitching: LHP Randy Stapleton
Batting: RHB Tony Crespo 0-0: Ball
1-0: Called Strike
Balk!
Miguel Diaz scores
Sean Gould to third
Graham Calvert to second
Balk!
Sean Gould scores
Graham Calvert to third
1-1: Called Strike
1-2: Foul Ball, location: 2F
1-2: Ball
2-2: Ball
3-2: Foul Ball, location: 2F
3-2: Base on Balls
Batting: LHB Seung-jun Chang 0-0: Called Strike
0-1: TRIPLE (Flyball, 9LD, EV 98.8 MPH)
Graham Calvert scores
Tony Crespo scores
Batting: SHB Donell Burney 0-0: Ball
1-0: Ground out 6-3 (Groundball, 6, EV 84.4 MPH)
Bottom of the 1st over - 14 runs, 8 hits, 0 errors, 1 left on base; Idaho Falls 0 - Minnesota (NYP) 14
TOP OF THE 2ND
Idaho Falls Chukars batting - Pitching for Minnesota (NYP) Twins : LHP Josh Armstrong
Batting: RHB Ken Postlethwaite 0-0: Ball
1-0: Foul Ball, location: 2F
1-1: SINGLE (Flyball, 89M, EV 96.3 MPH)
Batting: RHB Jeremy Haun 0-0: Swinging Strike
0-1: Called Strike
Ken Postlethwaite steals 2nd base (no throw)
0-2: Foul Ball, location: 2F
0-2: Ball
1-2: Ball
2-2: Ground out 5-3 (Groundball, 56, EV 107.5 MPH)
Batting: RHB Nate De Jongh 0-0: Ball
1-0: Ball
2-0: Foul Ball, location: 2F
2-1: Called Strike
2-2: Ground out 6-3 (Groundball, P, EV 87.5 MPH)
Ken Postlethwaite to third
Batting: RHB Eric Dyer 0-0: Ball
1-0: Ball
2-0: Foul Ball, location: 2F
2-1: Called Strike
2-2: Ball
3-2: Base on Balls
Batting: RHB Ben Minge 0-0: Called Strike
0-1: Swinging Strike
0-2: Strikes out swinging
Top of the 2nd over - 0 runs, 1 hit, 0 errors, 2 left on base; Idaho Falls 0 - Minnesota (NYP) 14
BOTTOM OF THE 2ND
Minnesota (NYP) Twins batting - Pitching for Idaho Falls Chukars : LHP Randy Stapleton
Batting: LHB Chris Munguia 0-0: Foul Ball, location: 2F
0-1: Ball
1-1: Ball
2-1: Ball
3-1: Foul Ball, location: 2F
3-2: Base on Balls
Pitching: RHP Timotheus Cooper
Batting: RHB David Nardone 0-0: Ball
1-0: Ball
2-0: Called Strike
2-1: Ball
3-1: Called Strike
3-2: Foul Ball, location: 2F
3-2: Base on Balls
Chris Munguia to second
Batting: RHB Miguel Diaz 0-0: Ball
Wild Pitch!
Chris Munguia to third
David Nardone to second
1-0: Fly out, F9 (Line Drive, 9D, EV 98.8 MPH)
Runner from 3rd tags up, SCORES, throw by RF
David Nardone to third
Batting: RHB Michael McDonald 0-0: Ball
1-0: Ground out 5-3 (Groundball, 56, EV 104.4 MPH)
David Nardone scores
Batting: RHB Sean Gould 0-0: Called Strike
0-1: Ball
1-1: Swinging Strike
1-2: Foul Ball, location: 2F
1-2: Hit by Pitch
Batting: RHB Graham Calvert 0-0: Called Strike
0-1: Foul Ball, location: 2F
0-2: Strikes out swinging
Bottom of the 2nd over - 2 runs, 0 hits, 0 errors, 1 left on base; Idaho Falls 0 - Minnesota (NYP) 16
TOP OF THE 3RD
Idaho Falls Chukars batting - Pitching for Minnesota (NYP) Twins : LHP Josh Armstrong
Batting: RHB Eric Erickson 0-0: Ball
1-0: Ball
2-0: Ball
3-0: Base on Balls
Batting: RHB Kevin Allen 0-0: Ball
1-0: Ball
2-0: Called Strike
2-1: Ball
3-1: Called Strike
3-2: Base on Balls
Eric Erickson to second
Batting: RHB Edite Leoni 0-0: Called Strike
Eric Erickson steals 3rd, throwing error, E2
Eric Erickson scores
Kevin Allen to third
0-1: Foul Ball, location: 2F
0-2: Ground out 1-3 (Groundball, 15S, EV 70.0 MPH)
Batting: LHB John Wagner 0-0: Called Strike
0-1: Foul Ball, location: 2F
0-2: Ball
1-2: Strikes out swinging
Batting: RHB Ken Postlethwaite 0-0: Ball
1-0: Foul Ball, location: 2F
1-1: Swinging Strike
1-2: Strikes out swinging
Top of the 3rd over - 1 run, 0 hits, 1 error, 1 left on base; Idaho Falls 1 - Minnesota (NYP) 16
BOTTOM OF THE 3RD
Minnesota (NYP) Twins batting - Pitching for Idaho Falls Chukars : RHP Timotheus Cooper
Pitching: RHP Chad Sullivan
Batting: RHB Tony Crespo 0-0: Called Strike
0-1: Foul Ball, location: 2F
0-2: Strikes out swinging, 2-3 out at first.
Batting: LHB Seung-jun Chang 0-0: Ball
1-0: Ball
2-0: Ground out 6-3 (Groundball, 6, EV 106.3 MPH)
Batting: SHB Donell Burney 0-0: Ground out U3 (Groundball, 34, EV 85.6 MPH)
Bottom of the 3rd over - 0 runs, 0 hits, 0 errors, 0 left on base; Idaho Falls 1 - Minnesota (NYP) 16
TOP OF THE 4TH
Idaho Falls Chukars batting - Pitching for Minnesota (NYP) Twins : LHP Josh Armstrong
Batting: RHB Jeremy Haun 0-0: Called Strike
0-1: Ball
1-1: Swinging Strike
1-2: Foul Ball, location: 2F
1-2: Strikes out swinging
Batting: RHB Nate De Jongh 0-0: Ball
1-0: Foul Ball, location: 2F
1-1: Fly out, F6 (Flyball, 56D, EV 75.0 MPH)
Batting: RHB Eric Dyer 0-0: Called Strike
0-1: Foul Ball, location: 2F
0-2: Strikes out looking
Top of the 4th over - 0 runs, 0 hits, 0 errors, 0 left on base; Idaho Falls 1 - Minnesota (NYP) 16
BOTTOM OF THE 4TH
Minnesota (NYP) Twins batting - Pitching for Idaho Falls Chukars : RHP Chad Sullivan
Batting: LHB Chris Munguia 0-0: Called Strike
0-1: Ball
1-1: Ball
2-1: Ball
3-1: Base on Balls
Batting: RHB David Nardone 0-0: Called Strike
0-1: Foul Ball, location: 2F
0-2: Ball
1-2: Strikes out swinging
Batting: RHB Miguel Diaz 0-0: Called Strike
0-1: Swinging Strike
0-2: Foul Ball, location: 2F
0-2: Ball
Wild Pitch!
Chris Munguia to second
1-2: Strikes out swinging
Batting: RHB Michael McDonald 0-0: Ball
Balk!
Chris Munguia to third
1-0: Called Strike
1-1: Foul Ball, location: 2F
1-2: Ball
2-2: Ball
Wild Pitch!
Chris Munguia scores
3-2: Foul Ball, location: 2F
3-2: Foul Ball, location: 2F
3-2: SINGLE (Groundball, 6MD, EV 105.6 MPH)
Batting: RHB Sean Gould 0-0: Called Strike
0-1: Ball
1-1: Ball
2-1: Called Strike
2-2: Ball
3-2: SINGLE (Groundball, 4MD, EV 85.6 MPH) (infield hit)
Michael McDonald to second
Batting: RHB Graham Calvert 0-0: Ball
1-0: Ball
2-0: Ball
3-0: Base on Balls
Michael McDonald to third
Sean Gould to second
Batting: RHB Tony Crespo 0-0: Ball
1-0: Ball
2-0: Ball
3-0: Base on Balls
Michael McDonald scores
Sean Gould to third
Graham Calvert to second
Batting: LHB Seung-jun Chang 0-0: Called Strike
0-1: Ball
1-1: Ball
2-1: Ball
3-1: Base on Balls
Sean Gould scores
Graham Calvert to third
Tony Crespo to second
Batting: SHB Donell Burney 0-0: Ball
1-0: Swinging Strike
1-1: Ground out 1-3 (Groundball, 13, EV 68.1 MPH)
Bottom of the 4th over - 3 runs, 2 hits, 0 errors, 3 left on base; Idaho Falls 1 - Minnesota (NYP) 19
TOP OF THE 5TH
Idaho Falls Chukars batting - Pitching for Minnesota (NYP) Twins : LHP Josh Armstrong
Batting: RHB Ben Minge 0-0: Foul Ball, location: 2F
0-1: Foul Ball, location: 2F
0-2: Fly out, F6 (Popup, 6MD, EV 69.4 MPH)
Batting: RHB Eric Erickson 0-0: Ground out 4-3 (Groundball, 4, EV 80.6 MPH)
Batting: RHB Kevin Allen 0-0: Ball
1-0: Ball
2-0: Called Strike
2-1: Fly out, F7 (Flyball, 7S, EV 91.3 MPH)
Top of the 5th over - 0 runs, 0 hits, 0 errors, 0 left on base; Idaho Falls 1 - Minnesota (NYP) 19
BOTTOM OF THE 5TH
Minnesota (NYP) Twins batting - Pitching for Idaho Falls Chukars : RHP Chad Sullivan
Batting: LHB Chris Munguia 0-0: Ball
1-0: Called Strike
1-1: Foul Ball, location: 2F
1-2: Strikes out swinging
Batting: RHB David Nardone 0-0: SINGLE (Line Drive, 8RS, EV 90.6 MPH)
Batting: RHB Miguel Diaz 0-0: Called Strike
0-1: Ball
1-1: Fly out, F1 (Line Drive, P, EV 68.8 MPH)
Batting: RHB Michael McDonald 0-0: Called Strike
0-1: Foul Ball, location: 2F
0-2: Foul Ball, location: 2F
0-2: 2-RUN HOME RUN (Flyball, 7D, EV 100.6 MPH), Distance : 400 ft
Batting: RHB Sean Gould 0-0: Hit by Pitch
Batting: RHB Graham Calvert 0-0: Swinging Strike
0-1: Foul Ball, location: 2F
Balk!
Sean Gould to second
0-2: Strikes out swinging
Bottom of the 5th over - 2 runs, 2 hits, 0 errors, 1 left on base; Idaho Falls 1 - Minnesota (NYP) 21
TOP OF THE 6TH
Idaho Falls Chukars batting - Pitching for Minnesota (NYP) Twins : LHP Josh Armstrong
Batting: RHB Edite Leoni 0-0: Ball
1-0: Called Strike
1-1: Called Strike
1-2: Ground out 5-3 (Groundball, 5L, EV 91.3 MPH)
Pitching: RHP Kevin Colgin
Batting: LHB John Wagner 0-0: Called Strike
0-1: Called Strike
0-2: Ball
1-2: Foul Ball, location: 2F
1-2: Ball
2-2: Foul Ball, location: 2F
2-2: Fly out, F8 (Flyball, 8LM, EV 85.6 MPH)
Batting: RHB Ken Postlethwaite 0-0: Called Strike
0-1: Foul Ball, location: 2F
0-2: Ball
1-2: Strikes out swinging
Top of the 6th over - 0 runs, 0 hits, 0 errors, 0 left on base; Idaho Falls 1 - Minnesota (NYP) 21
BOTTOM OF THE 6TH
Minnesota (NYP) Twins batting - Pitching for Idaho Falls Chukars : RHP Chad Sullivan
Batting: RHB Tony Crespo 0-0: Swinging Strike
0-1: Ball
1-1: Ball
2-1: Fly out, F8 (Flyball, 8LD, EV 101.3 MPH)
Batting: LHB Seung-jun Chang 0-0: Ball
1-0: Called Strike
1-1: Ball
2-1: Foul Ball, location: 2F
2-2: Foul Ball, location: 2F
2-2: Ball
3-2: Foul Ball, location: 2F
3-2: Base on Balls
Batting: SHB Donell Burney 0-0: Called Strike
0-1: Swinging Strike
Passed Ball!
Seung-jun Chang to second
0-2: Ball
1-2: SINGLE (Groundball, 4M, EV 105.6 MPH) (infield hit)
Seung-jun Chang to third
Batting: LHB Chris Munguia 0-0: Ball
1-0: Ball
2-0: Called Strike
2-1: Ball
3-1: Base on Balls
Donell Burney to second
Batting: RHB David Nardone 0-0: Fly out, F7 (Flyball, 78D, EV 90.0 MPH)
Batting: RHB Miguel Diaz 0-0: Foul Ball, location: 2F
0-1: SINGLE (Flyball, 34D, EV 96.3 MPH)
Seung-jun Chang scores
Donell Burney to third
Chris Munguia to second
Batting: RHB Michael McDonald 0-0: SINGLE (Flyball, 4MD, EV 83.1 MPH)
Donell Burney scores
Chris Munguia to third
Miguel Diaz to second
Throwing error, E8
Chris Munguia scores
Miguel Diaz to third
Michael McDonald to second
Batting: RHB Sean Gould 0-0: Called Strike
0-1: Ball
1-1: Ball
Wild Pitch!
Miguel Diaz scores
Michael McDonald to third
2-1: Ball
3-1: Base on Balls
Batting: RHB Graham Calvert 0-0: Foul Ball, location: 2F
0-1: Fly out, F9 (Flyball, 89S, EV 95.6 MPH)
Bottom of the 6th over - 4 runs, 3 hits, 1 error, 2 left on base; Idaho Falls 1 - Minnesota (NYP) 25
TOP OF THE 7TH
Idaho Falls Chukars batting - Pitching for Minnesota (NYP) Twins : RHP Kevin Colgin
Batting: RHB Jeremy Haun 0-0: Called Strike
0-1: Called Strike
0-2: Strikes out swinging
Batting: RHB Nate De Jongh 0-0: Ball
1-0: Called Strike
1-1: Foul Ball, location: 2F
1-2: Ground out 4-3 (Groundball, 4, EV 80.0 MPH)
Pitching: RHP Matt Lundy
Batting: RHB Eric Dyer 0-0: Ball
1-0: Ball
2-0: Ball
3-0: Base on Balls
Batting: RHB Ben Minge 0-0: Called Strike
Eric Dyer steals 2nd base (no throw)
0-1: Swinging Strike
0-2: SINGLE (Groundball, 34D, EV 105.0 MPH)
Eric Dyer to third
Runner from 3rd tries for Home, SAFE, throw by RF to home
Batting: RHB Eric Erickson 0-0: Ball
1-0: Ball
2-0: Ball
3-0: Called Strike
3-1: Foul Ball, location: 2F
3-2: Fly out, F7 (Line Drive, 7D, EV 93.8 MPH)
Top of the 7th over - 1 run, 1 hit, 0 errors, 1 left on base; Idaho Falls 2 - Minnesota (NYP) 25
BOTTOM OF THE 7TH
Minnesota (NYP) Twins batting - Pitching for Idaho Falls Chukars : RHP Chad Sullivan
Batting: RHB Tony Crespo 0-0: Ball
1-0: Foul Ball, location: 2F
1-1: Ball
2-1: Foul Ball, location: 2F
2-2: Ball
3-2: Base on Balls
Pinch Hitting: RHB Motohiko Hamasaki 0-0: Called Strike
0-1: Called Strike
0-2: Grounds into double play, 6-4-3 (Groundball, 6, EV 88.8 MPH)
Batting: SHB Donell Burney 0-0: Foul Ball, location: 2F
0-1: Called Strike
0-2: Foul Ball, location: 2F
0-2: Strikes out swinging
Bottom of the 7th over - 0 runs, 0 hits, 0 errors, 0 left on base; Idaho Falls 2 - Minnesota (NYP) 25
TOP OF THE 8TH
Idaho Falls Chukars batting - Pitching for Minnesota (NYP) Twins : RHP Matt Lundy
Now at 3B: Motohiko Hamasaki
Batting: RHB Kevin Allen 0-0: Ball
1-0: Ball
2-0: Foul Ball, location: 2F
2-1: Ball
3-1: Called Strike
3-2: Foul Ball, location: 2F
3-2: SINGLE (Line Drive, 7S, EV 101.3 MPH)
Pitching: LHP Mike Horton
Batting: RHB Edite Leoni 0-0: Grounds into double play, 3-6-1 (Groundball, 34S, EV 76.3 MPH)
Batting: LHB John Wagner 0-0: Ball
1-0: Ball
2-0: Called Strike
2-1: Ball
3-1: Base on Balls
Batting: RHB Ken Postlethwaite 0-0: Ball
1-0: Fielders Choice at 2nd, 6-4 (Groundball, 6, EV 103.8 MPH)
Top of the 8th over - 0 runs, 1 hit, 0 errors, 1 left on base; Idaho Falls 2 - Minnesota (NYP) 25
BOTTOM OF THE 8TH
Minnesota (NYP) Twins batting - Pitching for Idaho Falls Chukars : RHP Chad Sullivan
Batting: LHB Chris Munguia 0-0: Ground out 3-1 (Groundball, 34S, EV 90.6 MPH)
Batting: RHB David Nardone 0-0: Fly out, F3 (Line Drive, 3, EV 63.8 MPH)
Pinch Hitting: RHB Mario Salazar 0-0: Ground out 4-3 (Groundball, 4, EV 91.3 MPH)
Bottom of the 8th over - 0 runs, 0 hits, 0 errors, 0 left on base; Idaho Falls 2 - Minnesota (NYP) 25
TOP OF THE 9TH
Idaho Falls Chukars batting - Pitching for Minnesota (NYP) Twins : LHP Mike Horton
Now at 1B: Ben Leiby
Batting: RHB Jeremy Haun 0-0: Ball
1-0: Ball
2-0: Foul Ball, location: 2F
2-1: Ground out 5-3 (Groundball, 56S, EV 85.0 MPH)
Batting: RHB Nate De Jongh 0-0: Foul Ball, location: 2F
0-1: Ball
1-1: Called Strike
1-2: Strikes out swinging
Batting: RHB Eric Dyer 0-0: Ball
1-0: Ball
2-0: Reached via error on a dropped throw from P, E3 (Groundball, P, EV 70.0 MPH)
Batting: RHB Ben Minge 0-0: Foul Ball, location: 2F
0-1: Ball
1-1: Called Strike
1-2: Foul Ball, location: 2F
1-2: Strikes out swinging
Top of the 9th over - 0 runs, 0 hits, 1 error, 1 left on base; Idaho Falls 2 - Minnesota (NYP) 25
Thursday, March 31st , 2022 - OOTP Baseball 22.12 Build 89